Map: Oxide LE

Players

Pumba - Winner!

  • Race: Zerg Zerg
  • League: Master
  • Spawn Location: 7:00

llllllllllll

  • Race: Protoss Protoss
  • League: Master
  • Spawn Location: 1:00

VOD

Have the link to the VOD?

Description

Time

  • Played on: Sept. 7, 2021, 7:10 p.m.
  • Length: 3:30
Show
View Real Time Build Order
Export as new Build Order

Pumba Zerg - Winner!

Build Orders: Hatch First 

Get SALT Encoding   

  12  0:00  Drone  
  13  0:12  Overlord  
  13  0:17  Drone  
  14  0:32  Drone  
  14  0:33  Drone  
  16  0:49  Hatchery  
  15  0:51  Drone  
  15  0:56  Drone  
  17  1:01  Drone  
  18  1:10  Extractor  
  17  1:18  Spawning Pool  
  16  1:20  Drone  
  18  1:51  Drone  
  19  2:11  Drone  
  20  2:21  Zergling x2  
  20  2:22  Zergling x2  
  22  2:35  Drone  
  23  2:38  Queen  
  25  2:46  Queen  
  27  2:56  Zergling x2  
  27  3:02  Zergling x2  
  27  3:03  Overlord  
  27  3:04  Overlord  
Show
View Real Time Build Order
Export as new Build Order

llllllllllll Protoss 

Build Orders:  

Get SALT Encoding   

  12  0:00  Probe (Chrono Boost)  
  13  0:10  Probe (Chrono Boost)  
  14  0:22  Pylon  
  14  0:23  Probe  
  15  0:40  Probe  
  15  0:41  Forge  
  16  0:52  Probe  
  17  1:04  Probe  
  18  1:14  Pylon  
  18  1:16  Pylon  
  18  1:17  Pylon  
  18  1:19  Pylon  
  18  1:33  Photon Cannon  
  18  1:43  Gateway  
  18  1:51  Photon Cannon  
  18  1:56  Pylon  
  16  2:20  Probe (Chrono Boost)  
  17  2:29  Probe (Chrono Boost)  
  18  2:31  Zealot (Chrono Boost)  
  18  2:34  Probe (Chrono Boost)  
  21  2:51  Pylon  
  23  3:09  Probe  
  23  3:11  Photon Cannon  
  23  3:14  Cybernetics Core  
  23  3:19  Photon Cannon  
Tags
 
Add a new tag
Caveats
  • Supply blocks, unpowered buildings, or Contaminate may cause inaccurate times.
  • Supply counts are checked every 10 seconds.